 Dungeon Crawl Stone Soup version 0.24.1-14-gf8d2b509d9 (webtiles) character file.

Game seed: 8798211410604516904, levelgen mode: deterministic

26 Zeld the Conjurer (level 3, 12/21 HPs)
             Began as an Octopode Conjurer on May 9, 2021.
             Quit the game on level 2 of the Dungeon.
             The game lasted 00:02:50 (1594 turns).

Zeld the Conjurer (Octopode Conjurer)               Turns: 1594, Time: 00:02:50

Health: 12/21      AC:  1    Str:  7    XL:     3   Next: 8%
Magic:  2/6        EV: 13    Int: 18    God:
Gold:   64         SH:  0    Dex: 12    Spells: 0/6 levels left

rFire    . . .     SeeInvis .   (no weapon)
rCold    . . .     Gourm    .   (no shield)
rNeg     . . .     Faith    .   (helmet restricted)
rPois    .         Spirit   .   (no amulet)
rElec    .         Reflect  .   (no ring)
rCorr    .         Harm     .   (no ring)
MR       .....                  (no ring)
Stlth    +++.......             (no ring)
HPRegen  0.07/turn              (no ring)
MPRegen  0.10/turn              (no ring)
                                (no ring)
                                (no ring)

@: no status effects
A: almost no armour, stealthy swim, amphibious, 8 rings, constrict 8, camouflage
1, gelatinous body 1
a: no special abilities


You were on level 2 of the Dungeon.
You were not hungry.

You visited 1 branch of the dungeon, and saw 2 of its levels.

You collected 64 gold pieces.

Inventory:

Scrolls
 c - a scroll of random uselessness {unknown}
 g - 2 scrolls of teleportation {unknown}
 h - 2 scrolls of identify {unknown}
Potions
 a - 3 potions of curing {unknown}
 d - a potion of berserk rage {unknown}
 e - a potion of mutation {unknown}
 f - 2 potions of heal wounds {unknown}
 i - a potion of brilliance {unknown}
Comestibles
 b - 4 rations


   Skills:
 + Level 2.1 Dodging
 + Level 3.1 Stealth
 + Level 0.2 Unarmed Combat
 + Level 2.1 Spellcasting
 + Level 4.5 Conjurations


You couldn't memorise any spells.
You knew the following spells:

 Your Spells              Type           Power        Failure   Level  Hunger
a - Magic Dart            Conj           ###.         2%          1    #......
b - Searing Ray           Conj           ###...       4%          2    ###....
c - Dazzling Spray        Conj/Hex       ##....       21%         3    ###....

Your spell library contained the following spells:

 Spells                   Type           Power        Failure   Level  Hunger
 Iskenderun's Mystic Bla  Conj           ###.....     26%         4    #####..
 Force Lance              Conj/Tloc      ##......     56%         4    #####..
 Fulminant Prism          Conj/Hex       ##........   56%         4    #####..


Dungeon Overview and Level Annotations

Branches:
Dungeon (2/15)

Altars:


Innate Abilities, Weirdness & Mutations

You cannot wear most types of armour.
You are very stealthy in the water. (Stealth+)
You are amphibious.
You can wear up to eight rings at the same time.
You can use your tentacles to constrict eight enemies at once.
Your skin changes colour to match your surroundings (Stealth+).
Your rubbery body absorbs attacks. (AC +1, EV +1)


Message History

Press: ? - help, Shift-Dir - straight line, f - giant cockroach
Aim: a giant cockroach (hasn't noticed you)
The spray of energy hits the giant cockroach.
The giant cockroach is heavily wounded.
The giant cockroach is dazzled.
The spray of energy hits the plant!
The plant is lightly damaged.
Unknown command.
Unknown command.
Unknown command.
Casting: Dazzling Spray (safe; 21% risk of failure)
Confirm with . or Enter, or press ? or * to list all spells.
You don't have enough magic to cast that spell.
Unknown command.
Unknown command.
A leopard gecko and a goblin come into view.
Found 4 gold pieces.
Found a whip and a shield.
The leopard gecko hisses angrily.
Unknown command.
Are you sure you want to abandon this character and quit the game? (Confirm with "yes".)

#...# #..[...
##..# #.....#
#..# #.....#
###.#####.#
#.....#
#...>.....#
#..$.)#
#.######.##
.....# #.#
.#####.l######.#
.......@.......#
..≈≈...≈.≈######
≈.P≈PP≈≈≈≈≈≈≈≈≈≈#
PP≈≈≈≈≈≈≈≈≈≈≈≈≈≈≈
≈≈≈≈≈≈s≈≈≈≈≈≈####
≈≈≈PP≈≈≈P≈≈###
P.≈..≈....≈≈
..g..........
#####..#####.


You could see a leopard gecko, a giant cockroach (blind) and a goblin
(sleeping).

Vanquished Creatures
  2 dart slugs (D:1)
  A leopard gecko (D:2)
  2 goblins (D:1)
  5 hobgoblins
  2 jackals (D:1)
  3 bats (D:1)
  2 frilled lizards (D:1)
  4 rats (D:1)
21 creatures vanquished.

Notes
Turn   | Place    | Note
-------+----------+-------------------------------------------
     0 | D:1      | Zeld the Octopode Conjurer began the quest for the Orb.
     0 | D:1      | Reached XP level 1. HP: 11/11 MP: 3/3
   325 | D:1      | Reached XP level 2. HP: 11/17 MP: 0/5
   849 | D:1      | Learned a level 2 spell: Searing Ray
  1543 | D:2      | Reached XP level 3. HP: 13/21 MP: 1/6
  1559 | D:2      | Learned a level 3 spell: Dazzling Spray
  1594 | D:2      | Quit the game

Levels and vault maps discovered:
D:1:      dpeg_arrival_ternary, layout_basic
D:2:      layout_basic, nicolae_overflow_crystal_walls, chequers_big_river,
          kennysheep_generic_room_10

Skill      XL: |  1  2 |
---------------+-------+-----
Stealth        | 3 |  3.1
Dodging        | |  2.1
Unarmed Combat | |  0.2
Spellcasting   | |  2.1
Conjurations   | |  4.5

Action                   || total
-------------------------++-------
Melee: Unarmed           ||    33
       Constrict         ||     8
       Tentacles         ||     5
 Cast: Magic Dart        ||    13
       Searing Ray       ||     7
       Dazzling Spray    ||     1
 Stab: Sleeping          ||     4
  Eat: Chunk             ||     3
Armor: Skin              ||     1
Dodge: Dodged            ||    23
